 Dungeon Crawl Stone Soup version 0.26.1-10-gdfb7c7de75 (webtiles) character file.

Game seed: 12764073144838306715

348 Electrofox the Cleaver (level 6, -3/52 HPs)
             Began as a Minotaur Fighter on Apr 4, 2021.
             Slain by an orc wizard
             ... wielding a +0 dagger of electrocution
              (17 damage)
             ... on level 4 of the Dungeon.
             The game lasted 00:09:54 (3629 turns).

Electrofox the Cleaver (Minotaur Fighter)           Turns: 3629, Time: 00:09:55

Health: -3/52      AC:  7    Str: 21    XL:     6   Next: 33%
Magic:  5/5        EV:  7    Int:  7    God:
Gold:   161        SH:  9    Dex:  9    Spells: 5/5 levels left

rFire    . . .     SeeInvis .   a - +0 war axe
rCold    . . .     Faith    .   c - +0 kite shield
rNeg     . . .     Spirit   .   b - +0 scale mail
rPois    .         Reflect  .   (helmet restricted)
rElec    .         Harm     .   (no cloak)
rCorr    .         Rampage  .   (no gloves)
Will     .....                  (no boots)
Stlth    ..........             (no amulet)
HPRegen  0.17/turn              (no ring)
MPRegen  0.09/turn              (no ring)

@: no status effects
A: retaliatory headbutt, horns 2
a: no special abilities


You were on level 4 of the Dungeon.
You visited 1 branch of the dungeon, and saw 4 of its levels.

You collected 161 gold pieces.

Inventory:

Hand Weapons
 a - a +0 war axe (weapon)
Missiles
 r - 28 poisoned darts (quivered)
Armour
 b - a +0 scale mail (worn)
 c - a +0 kite shield (worn)
 j - a +0 plate armour
Jewellery
 f - a +4 ring of evasion {unknown}
 n - a +6 ring of intelligence {unknown}
Wands
 u - a wand of digging (7)
Scrolls
 e - 6 scrolls of identify {unknown}
 g - 3 scrolls of fog {unknown}
 i - a scroll of blinking {unknown}
 k - 3 scrolls of magic mapping {unknown}
 p - a scroll of enchant weapon {unknown}
 q - 2 scrolls of random uselessness {unknown}
 t - 2 scrolls of enchant armour {unknown}
 v - a scroll of remove curse {unknown}
Potions
 d - a potion of might
 h - a potion of lignification {unknown}
 l - a potion of haste {unknown}
 m - a potion of curing {unknown}
 o - a potion of degeneration {unknown}
 s - a potion of mutation {unknown}


   Skills:
 - Level 3.7 Fighting
 * Level 8.0 Axes
 - Level 3.7 Armour
 + Level 3.7 Shields


You had 5 spell levels left.
You didn't know any spells.
Your spell library was empty.

Dungeon Overview and Level Annotations

Branches:
Dungeon (4/15)
 Temple: D:4-7

Altars:
Nemelex Xobeh
Vehumet
The Shining One

Annotations:
D:3 2 transporters, exclusion: downstairs


Innate Abilities, Weirdness & Mutations

You reflexively headbutt those who attack you in melee.
You have a pair of horns on your head.


Message History

You slash the orc priest! You block the orc priest's attack.
The orc wizard hits you but does no damage.
You are electrocuted!
The orc priest hits you but does no damage.
You closely miss the orc wizard.
The orc wizard is heavily wounded.
You slash the orc priest!
The orc wizard hits you but does no damage.
The orc priest invokes the aid of Beogh against you.
Beogh smites you!
* * * LOW HITPOINT WARNING * * *
You hit the orc wizard but do no damage.
Your headbutt misses the orc wizard.
The orc wizard is heavily wounded.
You slash the orc priest!
You kill the orc priest!
The orc wizard looks satisfied for a moment.
The orc wizard hits you but does no damage.
You are electrocuted!
You die...

........##.......o......####.....
.......................#####.....
........##.o....#####..##........
.......###......# ##........##.##
......###.....#####...#####.##.#
########......).......# #....#
#.....####..##.# ......
#....#####†#...... ......
#........@o#.............#
#####..........#.............#
##............###.............#
#..######.##### ......≈. #.###
###.# ....≈≈ #...# #...#
###.###.### #......# #......#


You could see an orc wizard.

Vanquished Creatures
  A howler monkey (D:4)
  An orc priest (D:4)
  An orc wizard (D:3)
  Natasha (D:4)
  2 worker ants
  A hound skeleton (D:4)
  8 gnolls (D:2)
  3 adders
  An ooze (D:4)
  2 worms (D:2)
  3 dart slugs (D:1)
  3 leopard geckos
  5 orcs
  6 bats
  5 giant cockroaches
  5 goblins
  9 hobgoblins
  4 jackals (D:1)
  4 kobolds (D:1)
  A quokka (D:3)
  5 frilled lizards
  9 rats
80 creatures vanquished.

Notes
Turn   | Place    | Note
-------+----------+-------------------------------------------
     0 | D:1      | Electrofox the Minotaur Fighter began the quest for the
                  | Orb.
     0 | D:1      | Reached XP level 1. HP: 19/19 MP: 0/0
    91 | D:1      | Reached skill level 3 in Axes
    91 | D:1      | Reached XP level 2. HP: 27/27 MP: 1/1
   194 | D:1      | Reached skill level 4 in Axes
   195 | D:1      | Reached XP level 3. HP: 32/33 MP: 2/2
   768 | D:2      | Reached skill level 5 in Axes
   768 | D:2      | Reached XP level 4. HP: 40/40 MP: 3/3
  1105 | D:2      | Reached skill level 6 in Axes
  1113 | D:2      | Reached XP level 5. HP: 22/46 MP: 4/4
  1535 | D:2      | Found a sparkling altar of Nemelex Xobeh.
  1575 | D:2      | Found a radiant altar of Vehumet.
  2073 | D:3      | Found a transporter.
  2085 | D:3      | Found a transporter.
  2094 | D:3      | Found a glowing golden altar of the Shining One.
  2640 | D:3      | Reached skill level 7 in Axes
  3061 | D:4      | Reached XP level 6. HP: 45/52 MP: 5/5
  3539 | D:4      | Noticed Natasha
  3549 | D:4      | Killed Natasha
  3550 | D:4      | Reached skill level 8 in Axes
  3629 | D:4      | Slain by an orc wizard

Illustrated notes

Levels and vault maps discovered:
D:1:      dpeg_arrival_connections, layout_rooms
D:2:      layout_basic, fiery_altar_vehumet, nemelex_xobeh_ov_fountains_minmay,
          lemuel_old_faithful
D:3:      layout_basic, gammafunk_temple_overflow_arena, corexii_corridor_pit
D:4:      layout_rooms, led_sif_book, demons_altar, uniq_natasha

Skill      XL: |  1  2  3  4  5  6 |
---------------+-------------------+-----
Axes           | 3 4 5 6 7 8 |  8.0
Fighting       | |  3.7
Armour         | |  3.7
Shields        | |  3.7

Action                   |  1- 3 |  4- 6 || total
-------------------------+-------+-------++-------
Melee: War axe           |    90 |   114 ||   204
       Headbutt          |    10 |    22 ||    32
Throw: Dart              |       |     7 ||     7
Armor: Scale mail        |    48 |    45 ||    93
Dodge: Dodged            |    22 |    36 ||    58
Block: Kite shield       |    32 |    47 ||    79
